 Dungeon Crawl Stone Soup version 0.28-a0-980-g3664467d6e (webtiles) character file.

Game seed: 4892342448532468768

28 BinkBink the Cutter (level 3, -3/29 HPs)
             Began as a Human Monk on Dec 2, 2021.
             Slain by Terence (5 damage)
             ... on level 2 of the Dungeon.
             The game lasted 00:01:37 (1536 turns).

BinkBink the Cutter (Human Monk)                    Turns: 1536, Time: 00:01:38

Health: -3/29      AC:  2    Str: 11    XL:     3   Next: 27%
Magic:  3/3        EV: 13    Int: 10    God:
Gold:   21         SH:  0    Dex: 17    Spells: 2/2 levels left

rFire   + . .      SeeInvis .   a - +0 short sword
rCold   + . .      Faith    .   (no shield)
rNeg    . . .      Spirit   .   b - +0 robe
rPois   +          Reflect  .   (no helmet)
rElec   +          Harm     .   (no cloak)
rCorr   +          Rampage  .   (no gloves)
Will    .....                   (no boots)
Stlth   ++........              (no amulet)
HPRegen 0.09/turn               (no ring)
MPRegen 0.08/turn               (no ring)

@: resistant
A: no striking features
a: no special abilities


You were on level 2 of the Dungeon.
You visited 1 branch of the dungeon, and saw 2 of its levels.

You collected 21 gold pieces.

Inventory:

Hand Weapons
 a - a +0 short sword (weapon)
Armour
 b - a +0 robe (worn)
Jewellery
 d - a +4 ring of evasion
Scrolls
 h - a scroll of teleportation {unknown}
 i - a scroll of amnesia {unknown}
 j - a scroll of magic mapping {unknown}
Potions
 e - a potion of resistance


   Skills:
 + Level 3.3 Fighting
 + Level 3.3 Short Blades
 + Level 3.3 Dodging
 * Level 2.4 Stealth


You had 2 spell levels left.
You didn't know any spells.
Your spell library was empty.

Dungeon Overview and Level Annotations

Branches:
Dungeon (2/15)

Altars:

Shops:
D:1 :

Annotations:
D:2 Terence


Message History

You hit Terence but do no damage.
Terence is moderately wounded.
Terence asks, "Do you want it fast or slow?"
Terence hits you with a +0 mace.
* * * LOW HITPOINT WARNING * * *
You hit Terence but do no damage.
Terence is moderately wounded.
Terence hits you but does no damage.
You hit Terence.
Terence is moderately wounded.
Terence hits you with a +0 mace.
* * * LOW HITPOINT WARNING * * *
You hit Terence but do no damage.
Terence is moderately wounded.
Terence hits you with a +0 mace.
* * * LOW HITPOINT WARNING * * *
You hit Terence but do no damage.
Terence is moderately wounded.
You hit Terence but do no damage.
Terence is moderately wounded.
Terence hits you with a +0 mace.
* * * LOW HITPOINT WARNING * * *
You hit Terence.
Terence is severely wounded.
Terence hits you but does no damage.
You hit Terence but do no damage.
Terence is severely wounded.
Terence hits you with a +0 mace.
* * * LOW HITPOINT WARNING * * *
As you read the scroll labelled MUIJIFR KOSHUL, it crumbles to dust.
You hear a loud clanging noise!
It was a scroll of noise.
You hear an angry hiss. x2
Terence hits you but does no damage.
As you read the scroll labelled INKINIBIOB, it crumbles to dust.
You cannot blink because you are held in place by your roots.
It was a scroll of blinking.
You feel less wooden.
Your +0 robe unmelds from your body.
Terence hits you with a +0 mace.
You die...

##########
#.#.........
#.#@#######. #.#@#
.# #
#.#.#.########.#(#
#.#.#.##.......#.##
#.#.#.#...........#
#.#.#.#...........#
#.#.#.#...........#
#.....#..........#
#...####+##......##
#...####..'.......#


You could see Terence.

Vanquished Creatures
  2 ball pythons (D:1)
  3 endoplasms (D:1)
  2 giant cockroaches (D:1)
  A goblin (D:1)
  2 hobgoblins (D:1)
  4 jackals (D:1)
  3 kobolds (D:1)
  2 quokkas (D:1)
  A bat (D:1)
  A frilled lizard (D:2)
  2 rats
23 creatures vanquished.

Notes
Turn   | Place    | Note
-------+----------+-------------------------------------------
     0 | D:1      | BinkBink the Human Monk began the quest for the Orb.
     0 | D:1      | Reached XP level 1. HP: 18/18 MP: 1/1
   105 | D:1      | Reached XP level 2. HP: 8/24 MP: 2/2
   675 | D:1      | Found Fousielici's Book Shoppe.
   917 | D:1      | Reached XP level 3. HP: 29/29 MP: 3/3
  1506 | D:2      | Noticed Terence
  1534 | D:2      | HP: 2/43 [Terence (1)]
  1536 | D:2      | Slain by Terence

Illustrated notes

Levels and vault maps discovered:
D:1:      dpeg_arrival_tiny_a, layout_loops_ring, serial_shops,
          nicolae_shop_advertising_works [nicolae_subvault_shop_adworks]
D:2:      layout_basic, serial_shops, nicolae_shop_bloodbath_and_beyond,
          basic_ecumenical_altar, basic_altar, uniq_crazy_yiuf_cottage,
          uniq_terence

Action                   || total
-------------------------++-------
Melee: Short sword       ||   116
  Use: Scroll            ||     2
       Potion            ||     2
 Stab: Sleeping          ||     4
Armor: Robe              ||    11
       Skin              ||     8
Dodge: Dodged            ||    53

Table legend: (Time is in decaauts)
 A = Elapsed time spent in this place.
 B = Non-inter-level travel time spent in this place.
 C = Inter-level travel time spent in this place.
 D = Time resting spent in this place.
 E = Time spent auto-exploring this place.
 F = Levels seen in this place.
 G = Mean time per level.
                   A        B        C        D        E       F      G
               +--------+--------+--------+--------+--------+-----+--------+
         Total |   1528 |   1501 |     27 |      0 |   1303 |   2 |  764.0 |
       Dungeon |   1528 |   1501 |     27 |      0 |   1303 |   2 |  764.0 |
               +--------+--------+--------+--------+--------+-----+--------+

Top non-repeatable levels by time:
     D:1: 1432 daAuts
     D:2: 96 daAuts
